 Dungeon Crawl Stone Soup version 0.29.0-4-gdea44cf6ec (webtiles) character file.

Game seed: 295672220240105974

111 qw the Chopper (level 4, -7/26 HPs)
             Began as a Tengu Warper on Aug 28, 2022.
             Mangled by an ogre
             ... wielding a +0 giant club
              (32 damage)
             ... on level 4 of the Dungeon.
             The game lasted 00:00:20 (4751 turns).

qw the Chopper (Tengu Warper)                       Turns: 4751, Time: 00:00:20

Health: -7/26      AC:  8    Str: 12 (14) XL:     4   Next: 92%
Magic:  8/8        EV:  5    Int: 11 (13) God:
Gold:   141        SH:  0    Dex: 11 (13) Spells: 7/7 levels left

rFire   . . .      SeeInvis .   Y - +0 hand axe
rCold   . . .      Faith    .   (no shield)
rNeg    . . .      Spirit   .   f - +0 chain mail
rPois   .          Reflect  .   (helmet restricted)
rElec   .          Harm     .   (no cloak)
rCorr   .          Rampage  .   (no gloves)
Will    +....                   (boots unavailable)
Stlth   ..........              (no amulet)
HPRegen 0.08/turn               i - ring of willpower
MPRegen 0.11/turn               (no ring)

@: no status effects
A: beak, talons 3
a: no special abilities


You were on level 4 of the Dungeon.
You visited 1 branch of the dungeon, and saw 4 of its levels.

You collected 141 gold pieces.


Innate Abilities, Weirdness & Mutations

You have a beak for a mouth.
You have claws for feet.


   Skills:
 - Level 2.0 Fighting
 + Level 5.4 Axes
 - Level 1.0 Throwing
 - Level 1.1 Armour
 - Level 2.1 Dodging
 - Level 2.0 Spellcasting
 - Level 2.4 Translocations


You had 7 spell levels left.
You didn't know any spells.
Your spell library contained the following spells:

 Spells                   Type           Power      Damage    Failure   Level
 Blink                    Tloc           12%        N/A       100%        2
 Gell's Gravitas          Tloc           6%         N/A       100%        3
 Lesser Beckoning         Tloc           6%         N/A       100%        3
 Teleport Other           Tloc           6%         N/A       100%        3
 Manifold Assault         Tloc           6%         N/A       100%        5

Inventory:

Hand Weapons
 k - the +11 flail of Distraction {freeze, Int+4}
   (You found it on level 3 of the Dungeon)

   It freezes those it strikes, dealing additional cold damage.
   It can also slow down cold-blooded creatures.
   Int:       It affects your intelligence (+4).
 Y - a +0 hand axe (weapon)
Armour
 f - a +0 chain mail (worn)
Jewellery
 a - an amulet of reflection
 i - a ring of willpower (left hand)
Potions
 b - a potion of curing
 c - a potion of flight {unknown}
 d - a potion of haste {unknown}
 e - a potion of heal wounds
 g - a potion of brilliance {unknown}
 l - a potion of resistance {unknown}

Dungeon Overview and Level Annotations

Branches:
Dungeon (4/15)
 Temple: D:4-7

Altars:
Gozag
Xom
The Shining One

Shops:
D:1 *

Annotations:
D:3 3 runed translucent doors, qw's ghost, amateur TeWr


Message History

An ogre comes into view. It is wielding a +0 giant club.
The ogre shouts!
You see here an adder corpse.
A ball python comes into view.
4740 ||| Stepping ~*~*~tactically~*~*~ (stealth).
The ball python hisses angrily.
A kobold comes into view. It is wielding a +0 short sword.
4743 ||| Stepping ~*~*~tactically~*~*~ (stealth).
You completely miss the ogre. The ogre barely misses you.
You hit the ogre. You claw the ogre. You peck the ogre.
The ogre is moderately wounded.
You hit the ball python. The ball python barely misses you.
The ball python grabs you. The ball python constricts you.
You hit the ball python.
You kill the ball python!
You hit the ogre. The ogre hits you with a +0 giant club!
Ouch! That really hurt!
An adder comes into view.
The adder hisses angrily.
You hit the ogre.
The ogre is heavily wounded.
The ogre closely misses you.
You hit the ogre. You claw the ogre, but do no damage. You peck the ogre.
The ogre is severely wounded.
The ogre barely misses you.
You slash the ogre!
The ogre is almost dead.
You hit the kobold.
You kill the kobold!
You barely miss the ogre.
The ogre is almost dead.
The ogre hits you with a +0 giant club!
4751 ||| DRINKING 2 potions of heal wounds.
You feel much better.
The ogre hits you with a +0 giant club!!
Ouch! That really hurt!
You die...

... #. .... ....
....##.. ........
K.......
##.....#########
#...#..#.#.#...#
#...#)O..#...#
#..S.@#...# ##...##%..#
###.......#...# #
........#.#.#...# .#
........#############..#
........###.............
###.#.#..##........###..
.....#...##..###.##....
..............###.......


You could see an ogre and an adder.

Vanquished Creatures
  2 adders
  5 dart slugs
  3 orcs (D:3)
  9 endoplasms
  7 giant cockroaches
  4 goblins
  8 hobgoblins
  4 jackals (D:2)
  A quokka (D:1)
  4 ball pythons
  9 bats
  6 frilled lizards
  5 kobolds
  5 rats
72 creatures vanquished.

Notes
Turn   | Place    | Note
-------+----------+-------------------------------------------
     0 | D:1      | qw the Tengu Warper began the quest for the Orb.
     0 | D:1      | Reached XP level 1. HP: 12/12 MP: 4/4
     0 | D:1      | 0 ||| qw: Version: 0.1-a-89-g26bdef1
     0 | D:1      | 0 ||| qw: Game counter: 2737
     0 | D:1      | 0 ||| qw: Always use a shield: true
     0 | D:1      | 0 ||| qw: God list: Okawaru
     0 | D:1      | 0 ||| qw: Allow faded altars: false
     0 | D:1      | 0 ||| qw: Do Orc after D:15 true
     0 | D:1      | 0 ||| qw: Do second Lair branch before Depths: true
     0 | D:1      | 0 ||| qw: Lair rune preference: random
     0 | D:1      | 0 ||| qw: Plans: Normal
     0 | D:1      | 0 ||| PLANNING D:1-11
    31 | D:1      | Found Luts's Assorted Antiques.
    32 | D:1      | 32 ||| Stepping ~*~*~tactically~*~*~ (hiding).
    49 | D:1      | 49 ||| SHOPLISTING 2 black potions (39 gold, have 16).
    49 | D:1      | 49 ||| SHOPLISTING buckler (99 gold, have 16).
    49 | D:1      | 49 ||| SHOPLISTING grey potion (19 gold, have 16).
    49 | D:1      | 49 ||| SHOPLISTING red potion (19 gold, have 16).
    49 | D:1      | 49 ||| SHOPLISTING scroll labelled IFE WAOPNE (22 gold,
                  | have 16).
    49 | D:1      | 49 ||| SHOPLISTING scroll labelled KAUDISSENUPH (22 gold,
                  | have 16).
    49 | D:1      | 49 ||| SHOPLISTING whip (55 gold, have 16).
   179 | D:1      | Reached skill level 3 in Axes
   179 | D:1      | Reached XP level 2. HP: 17/17 MP: 6/6
   210 | D:1      | 210 ||| Stepping ~*~*~tactically~*~*~ (hiding).
   798 | D:1      | Reached XP level 3. HP: 20/21 MP: 7/7
   827 | D:1      | 827 ||| Stepping ~*~*~tactically~*~*~ (hiding).
   929 | D:1      | 929 ||| Stepping ~*~*~tactically~*~*~ (hiding).
  1031 | D:1      | 1031 ||| Stepping ~*~*~tactically~*~*~ (hiding).
  1346 | D:1      | 1346 ||| Stepping ~*~*~tactically~*~*~ (hiding).
  1448 | D:1      | 1448 ||| Stepping ~*~*~tactically~*~*~ (hiding).
  1455 | D:1      | Reached skill level 4 in Axes
  1562 | D:1      | 1562 ||| Stepping ~*~*~tactically~*~*~ (stealth).
  1603 | D:1      | 1603 ||| Stepping ~*~*~tactically~*~*~ (stealth).
  1634 | D:1      | 1634 ||| Stepping ~*~*~tactically~*~*~ (stealth).
  2198 | D:1      | 2198 ||| UPGRADING to +0 ring mail.
  2208 | D:1      | 2208 ||| DROPPING +0 leather armour.
  2209 | D:1      | 2209 ||| READING 2 scrolls labelled RAITROLOCI.
  2210 | D:1      | 2210 ||| READING scroll labelled BILETA TIHO.
  2211 | D:1      | 2211 ||| DRINKING 2 murky ruby potions.
  2212 | D:1      | 2212 ||| DROPPING scroll of amnesia.
  2213 | D:1      | 2213 ||| DROPPING scroll of blinking.
  2214 | D:1      | 2214 ||| DROPPING potion of degeneration.
  2352 | D:2      | 2352 ||| Stepping ~*~*~tactically~*~*~ (stealth).
  2353 | D:2      | 2353 ||| Stepping ~*~*~tactically~*~*~ (stealth).
  2356 | D:2      | 2356 ||| Stepping ~*~*~tactically~*~*~ (stealth).
  2357 | D:2      | 2357 ||| Stepping ~*~*~tactically~*~*~ (stealth).
  2617 | D:2      | Reached XP level 4. HP: 26/26 MP: 8/8
  2638 | D:2      | 2638 ||| Stepping ~*~*~tactically~*~*~ (stealth).
  2891 | D:2      | 2891 ||| DRINKING 2 red potions.
  3038 | D:3      | Found a runed translucent gate.
  3038 | D:3      | Found a runed translucent gate.
  3038 | D:3      | Found a runed translucent gate.
  3051 | D:3      | Found an opulent altar of Gozag.
  3140 | D:3      | Noticed qw's ghost (amateur TeWr)
  3265 | D:3      | Found a glowing golden altar of the Shining One.
  3349 | D:3      | Identified the +11 flail of Distraction {freeze, Int+4}
  3351 | D:3      | 3351 ||| DROPPING +0 whip.
  3625 | D:3      | HP: 3/26 [orc/+1 mace of protection (5)]
  3631 | D:3      | Reached skill level 5 in Axes
  3936 | D:3      | Found a shimmering altar of Xom.
  4581 | D:3      | 4581 ||| UPGRADING to +0 chain mail.
  4591 | D:3      | 4591 ||| DROPPING +0 ring mail.
  4592 | D:3      | 4592 ||| UPGRADING to ring of willpower.
  4593 | D:3      | 4593 ||| DROPPING +6 ring of intelligence.
  4594 | D:3      | 4594 ||| DRINKING 2 puce potions.
  4632 | D:3      | 4632 ||| DRINKING 3 black potions.
  4633 | D:3      | 4633 ||| DROPPING potion of lignification.
  4737 | D:4      | Noticed an ogre
  4740 | D:4      | 4740 ||| Stepping ~*~*~tactically~*~*~ (stealth).
  4743 | D:4      | 4743 ||| Stepping ~*~*~tactically~*~*~ (stealth).
  4750 | D:4      | HP: 2/26 [ogre/+0 giant club (8)]
  4751 | D:4      | 4751 ||| DRINKING 2 potions of heal wounds.
  4751 | D:4      | Mangled by an ogre

Levels and vault maps discovered:
D:1:      lightli_arrival_noodles, layout_basic, serial_shops,
          nicolae_shop_stone, st_stairs_6
D:2:      layout_loops_ring, minmay_misc_feat_plants
D:3:      minmay_diamond_boxcup, layout_loops_corners,
          nicolae_tso_carved_into_rock, lemuel_crystal_altar,
          mainiacjoe_overflow_alcove_2, gammafunk_ghost_icy
D:4:      layout_cave_pools, lemuel_mausoleum_altar_yredelemnul,
          kennysheep_little_box, minmay_misc_feat_alley

Skill      XL: |  1  2  3  4 |
---------------+-------------+-----
Axes           | 3 4 5 |  5.4
Fighting       | |  2.0
Throwing       | |  1.0
Armour         | |  1.1
Dodging        | |  2.1
Spellcasting   | |  2.0
Translocations | |  2.4

Action                   |  1- 3 |  4- 6 || total
-------------------------+-------+-------++-------
Melee: Hand axe          |   103 |    85 ||   188
       Kick              |    32 |    21 ||    53
       Peck              |    11 |    11 ||    22
       Punch             |       |     2 ||     2
Throw: Boomerang         |     7 |       ||     7
  Use: Scroll            |     2 |       ||     2
       Potion            |     1 |     4 ||     5
Armor: Leather armour    |    14 |       ||    14
       Ring mail         |    12 |    35 ||    47
       Chain mail        |       |     4 ||     4
Dodge: Dodged            |    45 |    39 ||    84

Table legend:
 A = Non-vault XP
 B = Vault XP
 C = Vault XP percentage of total XP
 D = Non-vault monster count
 E = Vault monster count
 F = Vault count percentage of total count
                 A         B        C        D         E       F
            +---------+---------+-------+---------+---------+-------
      Total |     145 |      14 |   8.8 |      65 |       7 |   9.7
            +---------+---------+-------+---------+---------+-------
        D:1 |      52 |       3 |   5.5 |      26 |       2 |   7.1
        D:2 |      43 |       0 |   0.0 |      24 |       0 |   0.0
        D:3 |      32 |      11 |  25.6 |      11 |       5 |  31.2
        D:4 |      18 |       0 |   0.0 |       4 |       0 |   0.0
            +---------+---------+-------+---------+---------+-------
